 Dungeon Crawl Stone Soup version 0.18-a0-1730-g73f0523 (webtiles) character file.

14541 M4edhros the Green Death (level 12, -9/79 HPs)
             Began as an Octopode Artificer on Apr 10, 2016.
             Was a High Priest of Fedhas.
             Killed from afar by an ice dragon (21 damage)
             ... with a blast of cold
             ... in an ice cave.
             The game lasted 00:30:09 (11421 turns).

M4edhros the Green Death (Octopode Artificer)      Turns: 11421, Time: 00:30:09

Health: -9/79      AC: 10    Str: 10    XL:     12   Next: 17%
Magic:  20/20      EV: 16    Int: 17    God:    Fedhas [*****.]
Gold:   932        SH: 11    Dex: 14    Spells: 0 memorised, 11 levels left

rFire  . . .     SeeInvis .     x - +1 trident (venom)
rCold  . . .     Gourm    .     s - +0 buckler
rNeg   . . .     Faith    .     (helmet restricted)
rPois  .         Spirit   .     I - +6 amulet of reflection
rElec  .         Dismiss  .     u - ring of stealth
rCorr  .         Reflect  +     (no ring)
SustAt .         Harm     .     (no ring)
MR     .....                    (no ring)
Stlth  +++++++...               (no ring)
                                (no ring)
                                (no ring)
                                (no ring)

@: about to teleport, very slightly contaminated, not resistant to hostile
enchantments, extremely stealthy
A: almost no armour, amphibious, 8 rings, constrict 8, iridescent scales 1,
rough black scales 1, rugged brown scales 1, camouflage 1, clever 1, clumsy 1,
gelatinous body 1, subdued magic 1
a: Evolution, Sunlight, Growth, Reproduction, Rain, Renounce Religion


You were in an ice cave.
You worshipped Fedhas.
Fedhas was extremely pleased with you.
You were very hungry.

You visited 1 branch of the dungeon, and saw 12 of its levels.
You also visited: Sewer and Ice Cave.

You collected 1134 gold pieces.
You spent 202 gold pieces at shops.

Inventory:

Hand Weapons
 x - a +1 trident of venom (weapon)
 H - a +1 hunting sling of evasion
Missiles
 k - 430 stones (quivered)
 J - 47 sling bullets
Armour
 s - a +0 buckler (worn)
Jewellery
 u - a ring of stealth (left tentacle)
 y - an uncursed amulet of guardian spirit
 I - a +6 amulet of reflection (around mantle)
 N - an uncursed amulet of the gourmand
Wands
 b - a wand of flame (12/48)
 c - a wand of enslavement (7/24)
 d - a wand of random effects (11/48)
 l - a wand of lightning (10/15)
 n - a wand of disintegration (0/24)
 o - a wand of random effects (44/48)
 p - a wand of slowing (18/48)
 C - a wand of slowing (32/48)
 L - a wand of confusion (27/48)
 M - a wand of random effects (23/48)
 O - a wand of flame (28/48)
 Q - a wand of lightning (12/15)
 S - a wand of teleportation (3/9)
Scrolls
 e - 5 scrolls of enchant weapon
 g - 3 scrolls of enchant armour {unknown}
 h - 7 scrolls of teleportation
 i - 11 scrolls of remove curse
 j - 2 scrolls of blinking
 m - 3 scrolls of immolation
 t - a scroll of noise {unknown}
 A - 2 scrolls of fog
 D - a scroll of magic mapping
 E - 5 scrolls of recharging
 G - a scroll of fear
Potions
 w - 2 potions of lignification
 z - 5 potions of curing
 B - 2 potions of agility
 K - a potion of berserk rage
Comestibles
 f - 7 bread rations
 F - 8 slices of pizza
 P - 2 meat rations
 T - 12 fruits


   Skills:
 + Level 5.3 Fighting
   Level 1.0 Short Blades
 * Level 10.0 Polearms
 + Level 7.0 Dodging
 + Level 10.5 Stealth
 - Level 6.1 Shields
 * Level 10.8 Invocations
 - Level 5.0 Evocations


You had 11 spell levels left.
You didn't know any spells.

Dungeon Overview and Level Annotations

Branches:
Dungeon (12/15)            Temple (0/1) D:5            Lair (0/8) D:9
    Orc (0/2) D:11

Altars:
Cheibriados
Elyvilon
Fedhas
Kikubaaqudgha
Nemelex Xobeh
Pakellas
Qazlal
Ru
Sif Muna
Yredelemnul
Zin
The Shining One

Shops:
D:6 *   D:11 (?

Annotations:
IceCv exclusion: 2 ice statues


Innate Abilities, Weirdness & Mutations

You cannot wear most types of armour.
You are amphibious.
You can wear up to eight rings at the same time.
You can use your tentacles to constrict eight enemies at once.
Your skin changes colour to match your surroundings (Stealth).
Your rubbery body absorbs attacks (AC +1).
You are partially covered in iridescent scales (AC +4).
You are partially covered in rough black scales (AC +4, Dex -1).
You are partially covered in rugged brown scales (AC +1, +3% HP).
Your mind is acute. (Int +2)
You are clumsy. (Dex -2)
Your spells are a little easier to cast, but a little less powerful.


Message History

Drink which item? (? for menu, Esc to quit)
Okay, then.
Read which item? (? for menu, Esc to quit)
Blink to where?
Press: ? - help, Dir - move target cursor You are very lightly contaminated with residual magic.
As you read the scroll of blinking, it crumbles to dust.
Read which item? (? for menu, Esc to quit)
As you read the scroll of teleportation, it crumbles to dust.
You feel strangely unstable.
Drink which item? (? for menu, Esc to quit)
Okay, then.
Evoke which item? (* to show all) (? for menu, Esc to quit)
Okay, then.
Drink which item? (? for menu, Esc to quit)
You feel better. The ice dragon breathes frost at you.
The blast of cold hits you!
You die...
Fedhas appreciates your contribution to the ecosystem.

###..##
##.##
#...##
##..#
###.###
#..##
##.#..#
##..#
#..##.##
##.##
#...#..#
#.#.#
##.#...##
##.##
#..#####
#..#
#.@.##$#
##Y##
#..##$$##
#..#
#D##$$$$#
#.##
#..#$$$$#
#..##
#..D.$$$#
#.#.#
##....$$#
##.##
#.....$#
#.##
#.....$#
##Y#
##...=$#
#..##


You could see an ice dragon.

Vanquished Creatures
  An ice dragon (IceCv)
  Erica (D:9)
  A hill giant (D:11)
  A manticore (D:10)
  Joseph (D:9)
  A cyclops (D:11)
  3 centaur skeletons
  Grinder (D:5)
  Grum (D:9)
  A wyvern (D:11)
  A hungry ghost (D:11)
  2 hippogriffs
  14 yaks
  A steam dragon (D:9)
  A warg (D:9)
  A water moccasin (D:5)
  A black bear (D:11)
  Duvessa (D:6)
  5 orc warriors
  Purgy (Sewer)
  2 phantoms
  3 sky beasts
  17 ice beasts
  5 ogres
  A wolf (D:9)
  2 big kobolds (D:8)
  2 giant frogs (D:10)
  Dowan (D:6)
  4 scorpions
  3 killer bees (D:10)
  3 wights (D:6)
  2 howler monkeys (D:4)
  3 crimson imps
  A quasit (D:9)
  A jelly (D:11)
  3 giant frog skeletons
  5 hounds
  5 orc priests
  11 orc wizards
  4 iguanas
  10 adders
  5 worker ants
  A sheep (D:8)
  2 howler monkey skeletons
  A howler monkey zombie (D:7)
  7 gnolls
  3 shadow imps
  2 worms
  2 dart slugs (D:1)
  7 giant geckos
  38 orcs
  11 bats
  6 giant cockroaches
  10 goblins
  11 hobgoblins
  25 jackals
  14 kobolds
  4 quokkas
  A giant gecko zombie (D:7)
  4 giant newts (D:1)
  6 rats
288 creatures vanquished.

Vanquished Creatures (collateral kills)
  A hydra (D:8)
  2 hill giants (D:10)
  2 trolls
  A two-headed ogre (D:9)
  The ghost of M4edhros the Sneak, an amateur OpAr (D:4)
  3 yaks
  2 wargs (D:9)
  A water moccasin (D:8)
  An ogre (D:7)
  A wolf (D:9)
  2 big kobolds
  2 wights (D:6)
  A crimson imp (D:5)
  3 orc priests
  A giant frog skeleton (D:9)
  A jelly (D:8)
  2 centaur skeletons (D:10)
  An iguana (D:4)
  Ijyb (D:2)
  An orc wizard (D:11)
  A spectral killer bee (D:10)
  A sheep (D:8)
  A hound skeleton (D:10)
  2 adders
  A giant gecko (D:4)
  8 orcs
  A bat (D:2)
  A jackal (D:4)
  A giant gecko skeleton (D:7)
  A goblin (D:2)
  2 kobolds (D:9)
50 creatures vanquished.

Vanquished Creatures (others)
  A necrophage (D:11)
  6 wandering mushrooms
  A kobold (D:9)
  3 plants (D:8)
  245 toadstools
256 creatures vanquished.

Grand Total: 594 creatures vanquished

Notes
Turn   | Place    | Note
--------------------------------------------------------------
     0 | D:1      | M4edhros the Octopode Artificer began the quest for the Orb.
     0 | D:1      | Reached XP level 1. HP: 13/13 MP: 3/3
   284 | D:1      | Reached XP level 2. HP: 10/18 MP: 4/4
   567 | D:1      | Found a sparkling altar of Nemelex Xobeh.
   983 | D:1      | Reached XP level 3. HP: 23/23 MP: 6/6
  1476 | D:2      | Noticed Ijyb
  1488 | D:2      | Killed Ijyb
  1488 | D:2      | Reached XP level 4. HP: 7/28 MP: 7/7
  2376 | D:2      | Reached XP level 5. HP: 33/33 MP: 8/8
  2459 | D:2      | Gained mutation: You are partially covered in rugged brown scales (AC +1, +3% HP). [potion of mutation]
  2459 | D:2      | Gained mutation: You are clumsy. (Dex -2) [potion of mutation]
  2459 | D:2      | Gained mutation: Your spells are a little easier to cast, but a little less powerful. [potion of mutation]
  2532 | D:3      | Reached skill level 5 in Evocations
  2541 | D:3      | Reached skill level 5 in Stealth
  2578 | D:3      | Found a blossoming altar of Fedhas.
  2588 | D:3      | Became a worshipper of Fedhas Madash
  2652 | D:3      | Found an ancient bone altar of Kikubaaqudgha.
  2671 | D:3      | Gained mutation: You are partially covered in rough black scales (AC +4, Dex -1). [potion of mutation]
  2671 | D:3      | Gained mutation: One of your tentacles bears a spike. [potion of mutation]
  2671 | D:3      | Lost mutation: One of your tentacles bears a spike. [potion of mutation]
  2720 | D:3      | Found a sacrificial altar of Ru.
  2822 | D:3      | Reached skill level 1 in Polearms
  2823 | D:3      | Reached * piety under Fedhas
  3084 | D:3      | Noticed an ogre
  3197 | D:3      | Killed an ogre
  3197 | D:3      | Reached skill level 1 in Shields
  3197 | D:3      | Reached skill level 1 in Invocations
  3197 | D:3      | Reached XP level 6. HP: 28/39 MP: 9/9
  3321 | D:4      | Reached XP level 7. HP: 33/44 MP: 10/10
  3438 | D:4      | Found a glowing drain.
  3448 | Sewer    | Entered a sewer
  3474 | Sewer    | Noticed Purgy
  3584 | Sewer    | Killed Purgy
  3846 | D:4      | Found a snail-covered altar of Cheibriados.
  3846 | D:4      | Noticed M4edhros's ghost (amateur OpAr)
  3855 | D:4      | Killed M4edhros's ghost
  3855 | D:4      | Reached XP level 8. HP: 49/49 MP: 11/11
  3985 | D:4      | Found an oddly glowing altar of Pakellas.
  3986 | D:4      | Found a basalt altar of Yredelemnul.
  4042 | D:5      | Entered Level 5 of the Dungeon
  4097 | D:5      | Found a staircase to the Ecumenical Temple.
  4207 | D:5      | Reached ** piety under Fedhas
  4313 | D:5      | Noticed Grinder
  4322 | D:5      | Killed Grinder
  4759 | D:5      | Reached skill level 5 in Invocations
  5013 | D:6      | Reached skill level 5 in Polearms
  5016 | D:6      | Reached XP level 9. HP: 43/54 MP: 13/13
  5030 | D:6      | Found Haqotrinn's Humungous Hoard.
  5166 | D:6      | Noticed Duvessa
  5167 | D:6      | Noticed Dowan
  5178 | D:6      | Killed Duvessa
  5184 | D:6      | Killed Dowan
  5816 | D:7      | Found a sacrificial altar of Ru.
  6392 | D:8      | Reached *** piety under Fedhas
  6452 | D:8      | Noticed a troll
  6459 | D:8      | Killed a troll
  6610 | D:8      | Reached skill level 5 in Dodging
  6860 | D:8      | Found a sparkling altar of Nemelex Xobeh.
  7017 | D:8      | Noticed a three-headed hydra
  7026 | D:8      | Killed a three-headed hydra
  7026 | D:8      | Reached XP level 10. HP: 37/61 MP: 15/15
  7036 | D:8      | Reached skill level 5 in Shields
  7205 | D:8      | Found a deep blue altar of Sif Muna.
  7324 | D:9      | Noticed Joseph
  7325 | D:9      | Noticed Grum
  7346 | D:9      | Killed Grum
  7566 | D:9      | Reached **** piety under Fedhas
  7689 | D:9      | Killed Joseph
  7763 | D:9      | Found a staircase to the Lair.
  7992 | D:9      | Found a glowing silver altar of Zin.
  7992 | D:9      | Found a glowing golden altar of the Shining One.
  7992 | D:9      | Found a white marble altar of Elyvilon.
  8143 | D:9      | Found a stormy altar of Qazlal.
  8212 | D:9      | Noticed Erica
  8219 | D:9      | Killed Erica
  8311 | D:10     | Entered Level 10 of the Dungeon
  8311 | D:10     | Noticed a manticore
  8327 | D:10     | Killed a manticore
  8327 | D:10     | Reached XP level 11. HP: 64/69 MP: 17/17
  8517 | D:10     | Gained mutation: You are partially covered in iridescent scales (AC +4). [potion of mutation]
  8517 | D:10     | Gained mutation: Your mind is acute. (Int +2) [potion of mutation]
  8547 | D:10     | Noticed a hill giant
  8560 | D:10     | Killed a hill giant
  8806 | D:10     | Noticed a hill giant
  8827 | D:10     | Killed a hill giant
  9212 | D:11     | Noticed a hill giant
  9225 | D:11     | Killed a hill giant
  9330 | D:11     | Reached ***** piety under Fedhas
  9356 | D:11     | Found a staircase to the Orcish Mines.
  9434 | D:11     | Found Waif's Antique Weapon Boutique.
  9563 | D:11     | Reached skill level 10 in Invocations
  9591 | D:11     | Noticed a cyclops
  9619 | D:11     | Killed a cyclops
  9800 | D:11     | Reached skill level 10 in Stealth
 10361 | D:11     | Reached skill level 5 in Fighting
 10391 | D:11     | Found Geehiz's Magic Scroll Shoppe.
 10394 | D:11     | Bought a scroll of blinking for 112 gold pieces
 10394 | D:11     | Bought a scroll of identify for 30 gold pieces
 10395 | D:11     | Bought a scroll of identify for 30 gold pieces
 10395 | D:11     | Bought a scroll of identify for 30 gold pieces
 10659 | D:12     | Found a frozen archway.
 10679 | IceCv    | Entered an ice cave
 10822 | IceCv    | Reached XP level 12. HP: 62/79 MP: 19/19
 11385 | IceCv    | Noticed an ice dragon
 11387 | IceCv    | Noticed an ice dragon
 11413 | IceCv    | Killed an ice dragon
 11413 | IceCv    | Reached skill level 10 in Polearms
 11421 | IceCv    | Killed from afar by an ice dragon

Vault maps used:
D:1:      evilmike_arrival_fibonacci_small, minmay_misc_feat_encased,
          nemelex_xobeh_ov_fountains_minmay
D:2:      minmay_goblin_kobold_house, uniq_iyjb
D:3:      fedhas_altar_2, kiku_gazebo_pond_becter, old_standard_altar
D:4:      cheibriados_altar_1, gammafunk_temple_overflow_pools,
          portal_sewer_entry_d
D:5:      minmay_temple_entry_grid, first_bread, uniq_grinder
D:6:      nicolae_alphabet_shops, uniq_duvessa
D:7:      serial_glass, glass_columns_b, glass_columns_c,
          nicolae_ru_sacrificial_ziggurat
D:8:      led_sif_pool, hangedman_ranch, nemelex_diamond_rough_becter
D:9:      good_gods_mini_temple, lemuel_round_altar, erik_lair_orcish_takeover,
          uniq_erica, uniq_joseph, uniq_grum
D:10:     serial_glass, glass_columns_b, glass_columns_b,
          hangedman_weighted_door
D:11:     hiddenorc1_lemuel, serial_shops, kennysheep_mini,
          kennysheep_little_box
D:12:     portal_ice_cave_entry_pillars_02, einodemon_armed_red_devil_minivault,
          uniq_kirke, uniq_sonja, uniq_maud
Sewer:    sewer_big_baddie
IceCv:    ice_cave_small_dragons

Skill      XL: |  1  2  3  4  5  6  7  8  9 10 11 12 |
---------------+-------------------------------------+-----
Evocations     | 4 5 |  5.0
Stealth        | 3 4 5 6 7 8 9 10 | 10.5
Polearms       | 1 2 3 5 7 8 9 10 | 10.0
Shields        | 1 2 3 4 5 6 |  6.1
Invocations    | 1 2 3 5 7 8 10 | 10.8
Dodging        | 3 4 5 6 7 |  7.0
Fighting       | 2 3 5 |  5.3
Short Blades   | |  1.0

Action                   |  1- 3 |  4- 6 |  7- 9 | 10-12 || total
-------------------------+-------+-------+-------+-------++-------
Melee: Short sword       |    67 |    19 |       |       ||    86
       Trident           |       |    96 |   305 |   573 ||   974
 Fire: Hunting sling     |       |     3 |    62 |    11 ||    76
Invok: Evolution         |       |     1 |     2 |     5 ||     8
       Sunlight          |       |       |     1 |     2 ||     3
Evoke: Wand              |     2 |    10 |     3 |    14 ||    29
  Use: Potion            |     1 |     5 |     5 |     5 ||    16
       Scroll            |       |     6 |     4 |     7 ||    17
 Stab: Sleeping          |    10 |    17 |    26 |    25 ||    78
       Distracted        |       |     2 |     2 |     4 ||     8
       Confused          |       |       |       |     9 ||     9
  Eat: Chunk             |     2 |     3 |       |     1 ||     6
       Meat ration       |       |     1 |     2 |     2 ||     5
       Beef jerky        |       |       |       |     2 ||     2
       Royal jelly       |       |       |       |     1 ||     1
